 Dungeon Crawl Stone Soup version 0.17-a0-870-gcb215c1 (webtiles) character file.

156 oplop the Firebug (level 5, -3/31 HPs)
             Began as an Octopode Fire Elementalist on Apr 29, 2015.
             Slain by an adder (4 damage)
             ... on level 4 of the Dungeon.
             The game lasted 00:05:16 (2407 turns).

oplop the Firebug (Octopode Fire Elementalist)      Turns: 2407, Time: 00:05:16

Health: -3/31      AC:  1    Str:  7    XL:     5   Next: 37%
Magic:  9/9        EV: 13    Int: 23    God:
Gold:   188        SH:  0    Dex: 13    Spells: 3 memorised, 4 levels left

rFire  . . .     SeeInvis +     o - +2 dagger (elec)
rCold  . . .     Clarity  .     (no shield)
rNeg   . . .     SustAb   .     (helmet restricted)
rPois  .         Gourm    .     (no amulet)
rElec  .         Spirit   .     e - ring of see invisible
rCorr  .         Warding  .     (no ring)
rMut   .         Stasis   .     (no ring)
MR     .....                    (no ring)
Stlth  +++.......               (no ring)
                                (no ring)
                                (no ring)
                                (no ring)

@: brilliant, lethally poisoned (-3 -> -19), not resistant to hostile
enchantments, fairly stealthy
A: almost no armour, amphibious, 8 rings, constrict 8, camouflage 1, gelatinous
body 1
a: no special abilities


You were on level 4 of the Dungeon.
You were not hungry.

You visited 1 branch of the dungeon, and saw 4 of its levels.

You collected 188 gold pieces.

Inventory:

Hand weapons
 d - a +0 spear
 o - a +2 dagger of electrocution (weapon)
Missiles
 j - 7 curare-tipped needles
 u - 13 poisoned needles
Armour
 t - a +0 buckler
Jewellery
 e - a ring of see invisible (left tentacle)
Scrolls
 g - a scroll of random uselessness
 h - a scroll of fear
 i - 2 scrolls of remove curse
 p - a scroll of teleportation
 q - a scroll of noise
Potions
 k - a potion of brilliance
 l - 2 potions of cure mutation
 n - a potion of magic {unknown}
 r - a potion of poison
 x - a potion of might {unknown}
Books
 a - a book of Flames

   Spells                             Type                      Level
   a - Flame Tongue                   Conjuration/Fire             1
   b - Throw Flame                    Conjuration/Fire             2
   c - Conjure Flame                  Conjuration/Fire             3
   d - Inner Flame                    Hexes/Fire                   3
   e - Sticky Flame                   Conjuration/Fire             4
   f - Fireball                       Conjuration/Fire             5
Comestibles
 b - 2 bread rations
 c - 2 meat rations
 f - 6 fruits
 m - a beef jerky


   Skills:
 + Level 2.8 Dodging
 - Level 2.6 Stealth
 * Level 3.2 Spellcasting
 + Level 2.6 Conjurations
 + Level 3.8 Fire Magic


You had 4 spell levels left.
You knew the following spells:

 Your Spells              Type           Power        Failure   Level  Hunger
a - Flame Tongue          Conj/Fire      ####.        1%          1    None
b - Conjure Flame         Conj/Fire      ####....     1%          3    ###....
c - Throw Flame           Conj/Fire      ####..       1%          2    ##.....


Dungeon Overview and Level Annotations

Branches:
Dungeon (4/15)
 Temple: D:4-7

Altars:
Makhleb
Zin


Innate Abilities, Weirdness & Mutations

You cannot wear most types of armour.
You are amphibious.
You can wear up to eight rings at the same time.
You can use your tentacles to constrict eight enemies at once.
Your skin changes colour to match your surroundings (Stealth).
Your rubbery body absorbs attacks (AC +1).


Message History

You hit the adder. Your grab misses the adder.
The adder is moderately wounded.
You constrict the worker ant.
You feel sick. The adder bites you.
* * * LOW HITPOINT WARNING * * *
The worker ant bites you.
* * * LOW HITPOINT WARNING * * *
Unknown command.
Drink which item? (? for menu, Esc to quit)
It was a potion of poison.
That liquid tasted very nasty...
You are more poisoned.
You constrict the worker ant.
You kill the worker ant!
* * * LOW HITPOINT WARNING * * *
You feel sick. The adder barely misses you. The adder closely misses you.
Drink which item? (? for menu, Esc to quit)
It was a potion of brilliance.
You feel clever all of a sudden.
* * * LOW HITPOINT WARNING * * *
You feel sick. The adder bites you.
You die...

............#......#
.##.........#......#
.##...####+##......#
. ....# ###'#####
..... #.......#
...... #....%..# #..
#..%.>..# #.......#
+....@..# #....†S.#
#.......# #.........
#..........
#...........
#..........
......... ...


You could see an adder.

Vanquished Creatures
  2 worker ants (D:4)
  4 adders (D:3)
  3 worms
  4 giant geckos
  3 orcs
  4 bats
  13 goblins
  6 hobgoblins
  8 jackals (D:1)
  A quokka (D:3)
  3 giant cockroaches
  A giant newt (D:2)
  2 kobolds (D:2)
  7 rats
61 creatures vanquished.

Notes
Turn   | Place    | Note
--------------------------------------------------------------
     0 | D:1      | oplop, the Octopode Fire Elementalist, began the quest for the Orb.
     0 | D:1      | Reached XP level 1. HP: 11/11 MP: 3/3
   374 | D:1      | Reached XP level 2. HP: 17/17 MP: 5/5
   684 | D:1      | Reached XP level 3. HP: 21/21 MP: 6/6
   884 | D:2      | Learned a level 3 spell: Conjure Flame
  1646 | D:3      | Reached XP level 4. HP: 19/27 MP: 7/7
  2016 | D:3      | Learned a level 2 spell: Throw Flame
  2112 | D:3      | Found a burning altar of Makhleb.
  2118 | D:3      | Found a glowing silver altar of Zin.
  2118 | D:3      | Noticed a green death
  2118 | D:3      | Noticed an angel
  2341 | D:4      | Reached XP level 5. HP: 28/31 MP: 9/9
  2407 | D:4      | HP: 1/31 [poison (a potion of poison)]
  2407 | D:4      | Slain by an adder

Action                   |  1- 3 |  4- 6 || total
-------------------------+-------+-------++-------
Melee: Spear             |   116 |     4 ||   120
       Dagger            |       |    44 ||    44
 Cast: Flame Tongue      |    10 |     5 ||    15
       Conjure Flame     |     3 |     1 ||     4
  Use: Scroll            |       |     9 ||     9
       Potion            |       |     2 ||     2
 Stab: Sleeping          |    10 |       ||    10
  Eat: Chunk             |     3 |     2 ||     5
